A- SE
ST. LUCIE METS @ FORT MYERS MIGHTY MUSSELS
05/23/2042
 
TOP OF THE 1ST
St. Lucie Mets batting - Pitching for Fort Myers Mighty Mussels : RHP Joe Ross
Pitching: RHP Joe Ross
Batting: RHB Juan Carlos Valdillez 0-0: Called Strike
0-1: Ball
1-1: Swinging Strike
1-2: Ball
2-2: Strikes out swinging
Batting: SHB Kevin French 0-0: Ball
1-0: Foul Ball, location: 2F
1-1: SINGLE (Line Drive, 78S, EV 95.6 MPH)
Batting: SHB Jim Unknown 0-0: Ball
1-0: Ball
2-0: Ball
3-0: Base on Balls
Kevin French to second
Batting: RHB Jim Unknown 0-0: Ball
Kevin French steals 3rd base
Jim Unknown to second
1-0: Ball
2-0: Foul Ball, location: 3FF
2-1: Hit by Pitch
Batting: RHB Jim Unknown 0-0: Ball
1-0: SINGLE (Line Drive, 6D, EV 97.5 MPH)
Kevin French scores
Jim Unknown to third
Jim Unknown to second
Runner from 3rd tries for Home, SAFE, throw by CF to home
Batting: RHB Bob Rhodes 0-0: Called Strike
0-1: Grounds into double play, 6-4-3 (Groundball, 56, EV 99.4 MPH)
Top of the 1st over - 2 runs, 2 hits, 0 errors, 1 left on base; St. Lucie 2 - Fort Myers 0
BOTTOM OF THE 1ST
Fort Myers Mighty Mussels batting - Pitching for St. Lucie Mets : RHP Jim Unknown
Pitching: RHP Jim Unknown
Batting: RHB Jeremy Hoffman 0-0: Ball
1-0: Called Strike
1-1: Foul Ball, location: 9LMF
1-2: Ball
2-2: Ball
3-2: Strikes out looking
Batting: LHB Caden Montgomery 0-0: Foul Ball, location: 2F
0-1: Ball
1-1: Ground out 4-3 (Groundball, 4, EV 102.5 MPH)
Batting: RHB Benny Armstrong 0-0: Ground out 3-1 (Groundball, 34, EV 91.3 MPH)
Bottom of the 1st over - 0 runs, 0 hits, 0 errors, 0 left on base; St. Lucie 2 - Fort Myers 0
TOP OF THE 2ND
St. Lucie Mets batting - Pitching for Fort Myers Mighty Mussels : RHP Joe Ross
Batting: RHB Jim Unknown 0-0: Called Strike
0-1: Ground out U3 (Groundball, 34S, EV 93.8 MPH)
Batting: RHB Jim Unknown 0-0: Ball
1-0: Swinging Strike
1-1: Foul Ball, location: 3F
1-2: Ball
2-2: Ball
3-2: Strikes out swinging
Batting: RHB Jim Unknown 0-0: Ball
1-0: Foul Ball, location: 2F
1-1: Foul Ball, location: 9LSF
1-2: Fly out, F7 (Flyball, 7, EV 86.3 MPH)
Top of the 2nd over - 0 runs, 0 hits, 0 errors, 0 left on base; St. Lucie 2 - Fort Myers 0
BOTTOM OF THE 2ND
Fort Myers Mighty Mussels batting - Pitching for St. Lucie Mets : RHP Jim Unknown
Batting: LHB Jeff MacNamara 0-0: Ball
1-0: Swinging Strike
1-1: Foul Ball, location: 5DF
1-2: Ground out 5-3 (Groundball, 56, EV 105.6 MPH)
Batting: SHB Eric Clark 0-0: Ball
1-0: SINGLE (Line Drive, 56D, EV 104.4 MPH)
Batting: SHB Darrel Taylor 0-0: SINGLE (Line Drive, 7S, EV 93.1 MPH)
Eric Clark to second
Batting: RHB Aarão Benchimol 0-0: Ball
1-0: Called Strike
1-1: Fielders Choice at 2nd, 3-6 (Groundball, 34, EV 102.5 MPH)
Eric Clark to third
Batting: RHB Greg Adkins 0-0: Ball
1-0: DOUBLE (Line Drive, 8RXD, EV 101.9 MPH)
Eric Clark scores
Aarão Benchimol to third
Batting: LHB Jeff Whitney 0-0: Ball
1-0: Ball
2-0: Ball
3-0: Base on Balls
Batting: RHB Jeremy Hoffman 0-0: Called Strike
0-1: Ball
1-1: Swinging Strike
1-2: Foul Ball, location: 2F
1-2: Ball
2-2: Foul Ball, location: 2F
2-2: Strikes out looking
Bottom of the 2nd over - 1 run, 3 hits, 0 errors, 3 left on base; St. Lucie 2 - Fort Myers 1
TOP OF THE 3RD
St. Lucie Mets batting - Pitching for Fort Myers Mighty Mussels : RHP Joe Ross
Batting: RHB Juan Carlos Valdillez 0-0: Ball
1-0: Foul Ball, location: 2F
1-1: Foul Ball, location: 2F
1-2: Foul Ball, location: 25FF
1-2: Ground out 5-3 (Groundball, 56S, EV 62.5 MPH)
Batting: SHB Kevin French 0-0: Called Strike
0-1: Called Strike
0-2: Fly out, F8 (Flyball, 89S, EV 83.8 MPH)
Batting: SHB Jim Unknown 0-0: Fly out, F7 (Flyball, 7, EV 97.5 MPH)
Top of the 3rd over - 0 runs, 0 hits, 0 errors, 0 left on base; St. Lucie 2 - Fort Myers 1
BOTTOM OF THE 3RD
Fort Myers Mighty Mussels batting - Pitching for St. Lucie Mets : RHP Jim Unknown
Batting: LHB Caden Montgomery 0-0: Foul Ball, location: 9LDF
0-1: Ball
1-1: Swinging Strike
1-2: Ball
2-2: Foul Ball, location: 7LSF
2-2: Strikes out swinging
Batting: RHB Benny Armstrong 0-0: Swinging Strike
0-1: Called Strike
0-2: Ball
1-2: Ball
2-2: SINGLE (Groundball, 4MD, EV 101.3 MPH)
Batting: LHB Jeff MacNamara 0-0: Ball
1-0: Fielders Choice at 2nd, 1-6 (Groundball, 34S, EV 66.3 MPH)
Batting: SHB Eric Clark 0-0: Ball
1-0: Ball
2-0: Ball
3-0: Base on Balls
Jeff MacNamara to second
Batting: SHB Darrel Taylor 0-0: Ball
1-0: Ball
2-0: Fly out, F8 (Flyball, 8RXD, EV 110.6 MPH)
Bottom of the 3rd over - 0 runs, 1 hit, 0 errors, 2 left on base; St. Lucie 2 - Fort Myers 1
TOP OF THE 4TH
St. Lucie Mets batting - Pitching for Fort Myers Mighty Mussels : RHP Joe Ross
Batting: RHB Jim Unknown 0-0: Called Strike
0-1: SINGLE (Groundball, 6MD, EV 103.8 MPH)
Batting: RHB Jim Unknown 0-0: Called Strike
0-1: Called Strike
0-2: Foul Ball, location: 3SF
0-2: Ball
1-2: Ball
2-2: Foul Ball, location: 2F
2-2: Ground out 6-3 (Groundball, 6MS, EV 72.5 MPH)
Jim Unknown to second
Batting: RHB Bob Rhodes 0-0: Called Strike
0-1: Ball
1-1: Ball
2-1: Ball
3-1: Ground out 5-3 (Groundball, 5, EV 107.5 MPH)
Batting: RHB Jim Unknown 0-0: SINGLE (Line Drive, 78M, EV 93.1 MPH)
Jim Unknown to third
Runner from 3rd tries for Home, SAFE, throw by LF to home
Batting: RHB Jim Unknown 0-0: Foul Ball, location: 2F
0-1: Swinging Strike
0-2: SINGLE (Line Drive, 89S, EV 105.6 MPH)
Jim Unknown to second
Batting: RHB Jim Unknown 0-0: Fly out, F8 (Flyball, 8RD, EV 76.3 MPH)
Top of the 4th over - 1 run, 3 hits, 0 errors, 2 left on base; St. Lucie 3 - Fort Myers 1
BOTTOM OF THE 4TH
Fort Myers Mighty Mussels batting - Pitching for St. Lucie Mets : RHP Jim Unknown
Batting: RHB Aarão Benchimol 0-0: Ball
1-0: Foul Ball, location: 9LMF
1-1: Ball
2-1: Ball
3-1: Base on Balls
Batting: RHB Greg Adkins 0-0: Sac Bunt to 2L - play at first, batter OUT! 2-3
Aarão Benchimol to second
Batting: LHB Jeff Whitney 0-0: Ground out 6-3 (Groundball, 6, EV 100.0 MPH)
Aarão Benchimol to third
Batting: RHB Jeremy Hoffman 0-0: Ball
1-0: Ball
2-0: Ball
3-0: Called Strike
3-1: Hit by Pitch
Batting: LHB Caden Montgomery 0-0: Swinging Strike
0-1: Ball
1-1: Ball
2-1: Foul Ball, location: 3F
2-2: Ball
3-2: Strikes out looking
Bottom of the 4th over - 0 runs, 0 hits, 0 errors, 2 left on base; St. Lucie 3 - Fort Myers 1
TOP OF THE 5TH
St. Lucie Mets batting - Pitching for Fort Myers Mighty Mussels : RHP Joe Ross
Batting: RHB Juan Carlos Valdillez 0-0: Foul Ball, location: 5F
0-1: Ball
1-1: Foul Ball, location: 3FF
1-2: SINGLE (Line Drive, 56D, EV 95.0 MPH)
Batting: SHB Kevin French 0-0: Foul Ball, location: 5FF
0-1: Called Strike
Juan Carlos Valdillez steals 2nd base (no throw)
0-2: Reached on error, E6 (Groundball, 6MD, EV 98.1 MPH)
Batting: SHB Jim Unknown 0-0: Called Strike
0-1: Ball
1-1: Fly out, F7 (Flyball, 7D, EV 75.0 MPH)
Batting: RHB Jim Unknown 0-0: Ball
1-0: Ball
2-0: Foul Ball, location: 2F
2-1: Fly out, F9 (Flyball, 9, EV 90.6 MPH)
Runner from 2nd tags up, SAFE at 3rd with throw by RF
Batting: RHB Jim Unknown 0-0: Ball
Wild Pitch!
Juan Carlos Valdillez scores
Kevin French to second
1-0: Called Strike
1-1: Ball
2-1: Ground out 6-3 (Groundball, 56, EV 98.8 MPH)
Top of the 5th over - 1 run, 1 hit, 1 error, 1 left on base; St. Lucie 4 - Fort Myers 1
BOTTOM OF THE 5TH
Fort Myers Mighty Mussels batting - Pitching for St. Lucie Mets : RHP Jim Unknown
Batting: RHB Benny Armstrong 0-0: Ball
1-0: Ball
2-0: Fly out, F4 (Line Drive, 4, EV 68.1 MPH)
Batting: LHB Jeff MacNamara 0-0: Fly out, F7 (Flyball, 7D, EV 107.5 MPH)
Batting: SHB Eric Clark 0-0: Ball
1-0: Ball
2-0: Ball
3-0: Base on Balls
Batting: SHB Darrel Taylor 0-0: Called Strike
0-1: Ground out 4-3 (Groundball, 34, EV 90.6 MPH)
Bottom of the 5th over - 0 runs, 0 hits, 0 errors, 1 left on base; St. Lucie 4 - Fort Myers 1
TOP OF THE 6TH
St. Lucie Mets batting - Pitching for Fort Myers Mighty Mussels : RHP Joe Ross
Batting: RHB Bob Rhodes 0-0: Ball
1-0: Ball
2-0: Called Strike
2-1: SINGLE (Groundball, 6D, EV 96.3 MPH)
Batting: RHB Jim Unknown 0-0: Ball
1-0: SINGLE (Line Drive, 89S, EV 97.5 MPH)
Bob Rhodes to second
Pitching: RHP Danny Green
Batting: RHB Jim Unknown 0-0: Ball
1-0: Sac Bunt to 2R - play at third, runner OUT! 2-5
Jim Unknown to second
Batting: RHB Jim Unknown 0-0: Called Strike
0-1: Ball
1-1: Ball
2-1: Fly out, F2 (Popup, 2RF, EV 91.3 MPH)
Batting: RHB Juan Carlos Valdillez 0-0: Ball
1-0: Ball
2-0: Ground out U3 (Groundball, 3, EV 88.1 MPH)
Top of the 6th over - 0 runs, 2 hits, 0 errors, 2 left on base; St. Lucie 4 - Fort Myers 1
BOTTOM OF THE 6TH
Fort Myers Mighty Mussels batting - Pitching for St. Lucie Mets : RHP Jim Unknown
Batting: RHB Aarão Benchimol 0-0: Swinging Strike
0-1: Called Strike
0-2: Ball
1-2: Strikes out swinging
Batting: RHB Greg Adkins 0-0: Swinging Strike
0-1: Foul Ball, location: 2F
0-2: Ball
1-2: Strikes out swinging
Batting: LHB Jeff Whitney 0-0: Ball
1-0: Foul Ball, location: 2F
1-1: Swinging Strike
1-2: Foul Ball, location: 2F
1-2: Fly out, F8 (Line Drive, 8LM, EV 98.1 MPH)
Bottom of the 6th over - 0 runs, 0 hits, 0 errors, 0 left on base; St. Lucie 4 - Fort Myers 1
TOP OF THE 7TH
St. Lucie Mets batting - Pitching for Fort Myers Mighty Mussels : RHP Danny Green
Batting: SHB Kevin French 0-0: Ball
1-0: Foul Ball, location: 2F
1-1: Fly out, F2 (Popup, 5SF, EV 87.5 MPH)
Batting: SHB Jim Unknown 0-0: Called Strike
0-1: Ball
1-1: Foul Ball, location: 5F
1-2: Strikes out swinging
Batting: RHB Jim Unknown 0-0: Fly out, F8 (Flyball, 8RD, EV 103.8 MPH)
Top of the 7th over - 0 runs, 0 hits, 0 errors, 0 left on base; St. Lucie 4 - Fort Myers 1
BOTTOM OF THE 7TH
Fort Myers Mighty Mussels batting - Pitching for St. Lucie Mets : RHP Jim Unknown
Batting: RHB Jeremy Hoffman 0-0: Foul Ball, location: 25F
0-1: Ball
1-1: Fly out, F3 (Popup, 3F, EV 67.5 MPH)
Batting: LHB Caden Montgomery 0-0: Ball
1-0: Called Strike
1-1: Ball
2-1: DOUBLE (Line Drive, 78M, EV 105.6 MPH)
Pitching: RHP Jim Unknown
Batting: RHB Benny Armstrong 0-0: Ball
1-0: Ball
2-0: Ball
3-0: Called Strike
3-1: SINGLE (Groundball, 34S, EV 62.5 MPH) (infield hit)
Caden Montgomery to third
Batting: LHB Jeff MacNamara 0-0: Ball
Benny Armstrong steals 2nd base
1-0: Called Strike
1-1: Swinging Strike
1-2: Ball
2-2: Fly out, F9 (Line Drive, 9S, EV 108.1 MPH)
Runner from 3rd tags up, SCORES, throw by RF
Batting: SHB Eric Clark 0-0: Ball
1-0: Ball
2-0: Ball
3-0: Called Strike
3-1: Swinging Strike
3-2: Foul Ball, location: 7LMF
3-2: Foul Ball, location: 3SF
3-2: Base on Balls
Batting: SHB Darrel Taylor 0-0: Ball
1-0: SINGLE (Groundball, 6MD, EV 95.6 MPH)
Benny Armstrong to third
Eric Clark to second
Runner from 3rd tries for Home, SAFE, throw by CF to home
Batting: RHB Aarão Benchimol 0-0: Swinging Strike
0-1: Fielders Choice at 2nd, 6-4 (Groundball, 6, EV 80.0 MPH)
Bottom of the 7th over - 2 runs, 3 hits, 0 errors, 2 left on base; St. Lucie 4 - Fort Myers 3
TOP OF THE 8TH
St. Lucie Mets batting - Pitching for Fort Myers Mighty Mussels : RHP Danny Green
Batting: RHB Jim Unknown 0-0: Ball
1-0: DOUBLE (Flyball, 8LXD, EV 100.6 MPH)
Batting: RHB Bob Rhodes 0-0: Intentional Walk
Pinch Hitting: LHB Jim Unknown 0-0: Ball
1-0: Called Strike
1-1: Fly out, F8 (Flyball, 8LXD, EV 104.4 MPH)
Runner from 2nd tags up, SAFE at 3rd, no throw by CF
Batting: RHB Jim Unknown 0-0: Foul Ball, location: 2F
0-1: Ball
1-1: Ball
2-1: Foul Ball, location: 25F
2-2: Strikes out swinging
Batting: LHB Jim Unknown 0-0: Ball
1-0: Ball
2-0: Swinging Strike
2-1: Foul Ball, location: 9LMF
2-2: Fly out, F7 (Flyball, 7, EV 77.5 MPH)
Top of the 8th over - 0 runs, 1 hit, 0 errors, 2 left on base; St. Lucie 4 - Fort Myers 3
BOTTOM OF THE 8TH
Fort Myers Mighty Mussels batting - Pitching for St. Lucie Mets : RHP Jim Unknown
Now at 3B: Jim Unknown
Batting: RHB Greg Adkins 0-0: Fly out, F9 (Line Drive, 9, EV 102.5 MPH)
Batting: LHB Jeff Whitney 0-0: Called Strike
0-1: Ball
1-1: Ball
2-1: Ball
3-1: Called Strike
3-2: Strikes out swinging
Batting: RHB Jeremy Hoffman 0-0: Ball
1-0: Foul Ball, location: 9LMF
1-1: Called Strike
1-2: Strikes out looking
Bottom of the 8th over - 0 runs, 0 hits, 0 errors, 0 left on base; St. Lucie 4 - Fort Myers 3
TOP OF THE 9TH
St. Lucie Mets batting - Pitching for Fort Myers Mighty Mussels : RHP Danny Green
Batting: RHB Juan Carlos Valdillez 0-0: Foul Ball, location: 2F
0-1: Foul Ball, location: 2F
0-2: Foul Ball, location: 2F
0-2: Ball
1-2: Foul Ball, location: 9LMF
1-2: Strikes out swinging
Batting: SHB Kevin French 0-0: Swinging Strike
0-1: Called Strike
0-2: Fly out, F8 (Flyball, 8LS, EV 83.8 MPH)
Batting: SHB Jim Unknown 0-0: Called Strike
0-1: Called Strike
0-2: Foul Ball, location: 23FF
0-2: Ball
1-2: Foul Ball, location: 3FF
1-2: Fly out, F7 (Line Drive, 7D, EV 88.1 MPH)
Top of the 9th over - 0 runs, 0 hits, 0 errors, 0 left on base; St. Lucie 4 - Fort Myers 3
BOTTOM OF THE 9TH
Fort Myers Mighty Mussels batting - Pitching for St. Lucie Mets : RHP Jim Unknown
Batting: LHB Caden Montgomery 0-0: Called Strike
0-1: Ball
1-1: Ball
2-1: Ball
3-1: Foul Ball, location: 23FF
3-2: Base on Balls
Batting: RHB Benny Armstrong 0-0: Ball
1-0: Swinging Strike
1-1: Ball
2-1: Swinging Strike
2-2: Grounds into double play, 1-4-3 (Groundball, 15S, EV 70.6 MPH)
Batting: LHB Jeff MacNamara 0-0: Swinging Strike
0-1: Fly out, F8 (Flyball, 8LS, EV 83.1 MPH)
Bottom of the 9th over - 0 runs, 0 hits, 0 errors, 0 left on base; St. Lucie 4 - Fort Myers 3
Wednesday, May 1st , 2024 - OOTP Baseball 24.10 Build 82